 Dungeon Crawl Stone Soup version 0.31.0-11-ge490571c62 (webtiles) character file.

Game seed: 7469965880494190963

3400 ces the Cleaver (level 9, -11/78 HPs)
             Began as a Minotaur Chaos Knight on Feb 1, 2024.
             Was a Plaything of Xom.
             Mangled by Erica
             ... wielding a +3 scimitar of flaming
              (14 damage)
             ... on level 9 of the Dungeon.
             The game lasted 00:12:23 (7877 turns).

ces the Cleaver (Minotaur Chaos Knight)             Turns: 7877, Time: 00:12:24

Health: -11/78     AC:  5    Str: 19    XL:     9   Next: 75%
Magic:  1/8        EV: 11    Int: 10    God:    Xom [*.....]
Gold:   372        SH:  0    Dex: 15    Spells: 8/8 levels left

rFire   + + .        a - +0 broad axe of Doom {chaos, rPois rF+ rC++ Will-}
rCold   + + +        (no shield)
rNeg    . . .        y - +0 leather armour of Clean the Leaf {rPois Will+ rCorr Int-2}
rPois   +            (helmet unavailable)
rElec   +            (no cloak)
rCorr   +            (no gloves)
SInv    .            (no boots)
Will    .....        (no amulet)
Stlth   ++           (no ring)
HPRegen 0.33/turn    (no ring)
MPRegen 0.11/turn

%: no passive effects
@: resistant, attractive, slowed, constricted, very slow
A: horns 3, retaliatory headbutt, iridescent scales 1, thin skeletal structure
1, agile 1, clever 1, screaming 1, MP-powered wands
a: Renounce Religion


You were on level 9 of the Dungeon.
You worshipped Xom.
You were a special plaything of Xom.
You visited 2 branches of the dungeon, and saw 10 of its levels.
You also visited: Ossuary.

You collected 568 gold pieces.
You spent 196 gold pieces at shops.

Inventory:

Hand Weapons
 a - the +0 broad axe of Doom (weapon) {chaos, rPois rF+ rC++ Will-}
   (Xom gifted it to you in an ossuary)

   rF+:       It protects you from fire.
   rC++:      It greatly protects you from cold.
   rPois:     It protects you from poison Will-: It decreases your willpower.
Missiles
 A - a throwing net (quivered)
Armour
 y - the +0 leather armour of Clean the Leaf (worn) {rPois Will+ rCorr Int-2}
   (You bought it in a shop on level 5 of the Dungeon)

   Int-2:     It affects your intelligence (-2).
   rPois:     It protects you from poison Will+: It increases your willpower.
   rCorr:     It protects you from acid and corrosion.
Jewellery
 c - an amulet of reflection
 g - a ring of resist corrosion
Wands
 p - a wand of polymorph (6)
 B - a wand of flame (6)
Scrolls
 b - a scroll of torment {unknown}
 d - 2 scrolls of fog {unknown}
 e - 4 scrolls of enchant armour {unknown}
 f - a scroll of vulnerability
 i - a scroll of blinking {unknown}
 k - a scroll of revelation
 l - a scroll of amnesia {unknown}
 n - a scroll of enchant weapon
 o - a scroll of poison {unknown}
 r - a scroll of brand weapon {unknown}
 s - a scroll of noise {unknown}
 t - 2 scrolls of teleportation {unknown}
 v - 2 scrolls of identify
 C - a scroll of immolation {unknown}
Potions
 j - 3 potions of enlightenment
 m - a potion of berserk rage {unknown}
 q - a potion of brilliance
 u - 3 potions of mutation
 w - 2 potions of haste
 z - a potion of attraction


   Skills:
 + Level 6.4 Fighting
 * Level 14.1 Axes
 + Level 5.8 Armour
 + Level 4.9 Dodging


You had 8 spell levels left.
You didn't know any spells.
Your spell library contained the following spells:

 Spells                   Type           Power      Damage    Failure   Level
 Apportation              Tloc           0%         N/A       41%         1
 Sandblast                Erth           0%         2d4       41%         1
 Sting                    Conj/Alch      0%         1d3       41%         1
 Jinxbite                 Hex            0%         N/A       54%         2
 Mercury Vapours          Alch/Air       0%         N/A       54%         2
 Dazzling Flash           Conj/Hex       0%         N/A       78%         3
 Mephitic Cloud           Conj/Alch/Air  0%         N/A       78%         3
 Passwall                 Erth           0%         N/A       78%         3
 Stone Arrow              Conj/Erth      0%         3d7       78%         3
 Brom's Barrelling Bould  Conj/Erth      0%         2d3       99%         4
 Olgreb's Toxic Radiance  Alch           0%         N/A       99%         4
 Alistair's Intoxication  Alch           0%         N/A       100%        5
 Curse of Agony           Necr           0%         N/A       100%        5
 Silence                  Hex/Air        0%         N/A       100%        5


Dungeon Overview and Level Annotations

Branches:
Dungeon (9/15)             Temple (1/1) D:6            Lair (0/5) D:8
    Orc (0/2) D:9         Ossuary (visited)

Altars:
Ashenzari
Cheibriados
Dithmenos
Elyvilon
Fedhas
Gozag
Hepliaklqana
Kikubaaqudgha
Makhleb
Nemelex Xobeh
Okawaru
Qazlal
Ru
Sif Muna
Trog
Uskayaw
Vehumet
Wu Jian
Xom
Yredelemnul
The Shining One

Shops:
D:1 !   D:5 [

Annotations:
D:5 Prince Ribbit
D:6 Edmund
D:7 3 runed translucent doors, middlethird's ghost, novice VSCj
D:9 Erica
Temple 2 transporters


Innate Abilities, Weirdness & Mutations

You have a pair of large horns on your head.
You reflexively headbutt those who attack you in melee.
You are partially covered in iridescent scales. (AC +2)
You have a somewhat thin skeletal structure. (Dex +2, Stealth+)
You are agile. (Dex +4, Str/Int -1)
Your mind is acute. (Int +4, Str/Dex -1)
You occasionally shout uncontrollably at your foes.
You expend magic power (3 MP) to strengthen your wands.


Message History

The puff of flame misses Erica.
You miss Erica.
Erica is lightly wounded.
Erica hits you with a +3 scimitar of flaming!
Erica burns you. Erica grabs you. Erica constricts you.
Erica hits you with a +3 scimitar of flaming!!
Erica burns you. Erica constricts you.
You are too injured to fight recklessly!
You feel much better.
Erica mumbles some strange words.
Erica flickers and vanishes!
Deactivating autopickup; reactivate with Ctrl-A.
You are constricted.
As you read the scroll labelled ROIRGH ZOUCO, it crumbles to dust.
You feel aware of your surroundings.
It was a scroll of revelation.
Erica hits you with a +3 scimitar of flaming!
Erica burns you. Erica constricts you.
Erica hits you with a +3 scimitar of flaming!
Erica burns you.
* * * LOW HITPOINT WARNING * * *
Erica constricts you.
* * * LOW HITPOINT WARNING * * *
You feel much better. Something hits you! Something burns you.
You are constricted.
It was a potion of resistance.
You feel protected.
Xom thinks this is hilarious!
Something hits you!!
* * * LOW HITPOINT WARNING * * *
You are constricted.
* * * LOW HITPOINT WARNING * * *
Something hits you.
* * * LOW HITPOINT WARNING * * *
You are constricted.
* * * LOW HITPOINT WARNING * * *
It was a potion of attraction.
You feel attractive to monsters. Something hits you!
You die...
Xom thinks this is hilarious!

,,,,,>* *,,,,,,,,*
#####.***#........######
...,./,,,..........#####
..#*#x############.#####
#.# #.......######.#####
#.# #..####.######.#####
#.###..#.<..######.#####
#.......##########.#####
#..............{@..#####
........################
.#>.....################
.#....##################
......# ###############
#....[# ###############
##..(.# ###############
#....# ###############
#<...##


There were no monsters in sight!

Vanquished Creatures
  Pikel (D:6)
  A steam dragon (D:8)
  2 water moccasins (D:6)
  4 ice beasts
  An orc warrior (D:7)
  A sky beast (D:7)
  2 black bears
  A tengu (D:5)
  A centaur (D:8)
  A bullfrog (D:7)
  12 killer bees
  3 howler monkeys
  3 centaur zombies (Ossuary)
  2 hounds (D:6)
  4 orc priests (D:8)
  2 gnoll boudas
  2 jellies
  Natasha (twice) (D:2)
  6 orc wizards
  4 crocodile zombies (Ossuary)
  A mummy (Ossuary)
  8 gnolls
  10 adders
  A white imp (D:5)
  2 ribbon worms (D:2)
  8 dart slugs
  21 orcs
  5 ball pythons
  5 bats
  8 endoplasms
  6 goblins
  7 hobgoblins
  3 jackals (D:1)
  3 quokkas (D:2)
  4 frilled lizards
  7 kobolds
  2 kobold zombies (Ossuary)
  4 rats
160 creatures vanquished.

Vanquished Creatures (collateral kills)
  2 mummies (Ossuary)
2 creatures vanquished.

Grand Total: 162 creatures vanquished

Notes
Turn   | Place    | Note
-------+----------+-------------------------------------------
     0 | D:1      | ces the Minotaur Chaos Knight began the quest for the Orb.
     0 | D:1      | Reached XP level 1. HP: 19/19 MP: 0/0
    31 | D:1      | Reached XP level 2. HP: 25/27 MP: 1/1
    70 | D:1      | XOM: silly message
   182 | D:1      | Found Veunium Ucki's Distillery.
   230 | D:1      | Reached skill level 4 in Axes
   231 | D:1      | XOM: silly message
   280 | D:1      | Reached XP level 3. HP: 32/33 MP: 2/2
   374 | D:1      | XOM: silly message
   788 | D:2      | Reached XP level 4. HP: 32/40 MP: 3/3
  1098 | D:2      | Noticed Natasha
  1098 | D:2      | XOM: divination: detect creatures
  1100 | D:2      | XOM: noise
  1109 | D:2      | Killed Natasha
  1383 | D:2      | XOM: divination: detect creatures
  1391 | D:2      | Noticed Natasha
  1396 | D:2      | Killed Natasha
  1397 | D:2      | Reached XP level 5. HP: 42/47 MP: 4/4
  1481 | D:3      | XOM: cloud trail
  1508 | D:3      | XOM: give mutation
  1508 | D:3      | Gained mutation: You are partially covered in iridescent
                  | scales. (AC +2) [Xom's mischief]
  1790 | D:3      | XOM: draining
  1898 | D:3      | Found a bloodstained altar of Trog.
  2057 | D:3      | Found a glowing golden altar of the Shining One.
  2064 | D:3      | Found a faded altar of an unknown god.
  2243 | D:4      | XOM: silly message
  2414 | D:4      | Found a shadowy altar of Dithmenos.
  2587 | D:4      | XOM: 8-stop teleportation journey
  2631 | D:4      | XOM: cloud trail
  2744 | D:5      | Entered Level 5 of the Dungeon
  2790 | D:5      | Found a sand-covered staircase.
  2817 | D:5      | Noticed an ice beast
  2817 | D:5      | XOM: potion effect (brilliance)
  2826 | D:5      | XOM: fog
  2829 | D:5      | Killed an ice beast
  2830 | D:5      | Reached skill level 5 in Fighting
  2830 | D:5      | Reached skill level 5 in Axes
  2830 | D:5      | Reached XP level 6. HP: 45/56 MP: 5/5
  2935 | Ossuary  | Entered an ossuary
  2959 | Ossuary  | XOM: god gift: translucent broad axe {god gift}
  2959 | Ossuary  | Identified the +0 broad axe of Doom {chaos, rPois rF+ rC++
                  | Will-} (Xom gifted it to you in an ossuary)
  3003 | Ossuary  | Reached skill level 6 in Axes
  3008 | Ossuary  | XOM: summons friendly ice devil
  3030 | Ossuary  | Reached XP level 7. HP: 25/61 MP: 6/6
  3360 | D:5      | XOM: summons friendly quasit
  3364 | D:5      | Reached skill level 7 in Axes
  3490 | D:5      | XOM: polymorph quasit -> ufetubus
  3538 | D:5      | Found Itha Fite's Antique Armour Shop.
  3552 | D:5      | Bought a brightly glowing leather armour for 196 gold
                  | pieces
  3552 | D:5      | Identified the +0 leather armour of Clean the Leaf {rPois
                  | Will+ rCorr Int-2} (You bought it in a shop on level 5 of
                  | the Dungeon)
  3696 | D:5      | a hound changed into a fire bat
  3696 | D:5      | Noticed a fire bat
  3696 | D:5      | XOM: polymorph hound -> fire bat
  3699 | D:5      | a fire bat changed into a tengu
  3701 | D:5      | Reached skill level 8 in Axes
  3960 | D:6      | Reached skill level 9 in Axes
  4039 | D:6      | XOM: silly message
  4063 | D:6      | Found a burning altar of Makhleb.
  4063 | D:6      | Noticed a balrug
  4109 | D:6      | XOM: silly message
  4122 | D:6      | Found a staircase to the Ecumenical Temple.
  4137 | D:6      | Noticed Prince Ribbit
  4292 | D:6      | XOM: silly message
  4498 | D:5      | XOM: cast spell 'Dispersal'
  4515 | D:5      | XOM: cast spell 'Discord'
  4539 | D:6      | XOM: noise
  4664 | D:6      | XOM: divination: detect items
  4665 | D:6      | XOM: potion effect (might)
  4668 | D:6      | Reached XP level 8. HP: 68/68 MP: 7/7
  4725 | D:6      | XOM: potion effect (might)
  4729 | D:6      | Reached skill level 10 in Axes
  4784 | D:6      | XOM: divination: detect creatures
  4795 | D:6      | Noticed Pikel
  4888 | D:6      | XOM: potion effect (might)
  4894 | D:6      | Killed Pikel
  4895 | D:6      | Reached skill level 12 in Axes
  4925 | Temple   | Found a transporter.
  4925 | Temple   | Found a transporter.
  4925 | Temple   | Found a transporter.
  4925 | Temple   | Found a transporter.
  4925 | Temple   | Entered the Ecumenical Temple
  4949 | D:7      | XOM: potion effect (brilliance)
  5076 | D:7      | Found a runed translucent gate.
  5076 | D:7      | Found a runed translucent gate.
  5077 | D:7      | Found a runed translucent gate.
  5090 | D:7      | Noticed middlethird's ghost (novice VSCj)
  5103 | D:7      | XOM: cast spell 'Cause Fear'
  5114 | D:8      | XOM: noise
  5124 | D:8      | Found a shimmering altar of Xom.
  5135 | D:8      | Reached XP level 9. HP: 53/74 MP: 8/8
  5225 | D:7      | Reached skill level 13 in Axes
  5558 | D:7      | Noticed a troll
  5576 | D:7      | Reached skill level 5 in Armour
  5811 | D:6      | XOM: silly message
  5940 | D:6      | XOM: 6-stop teleportation journey
  6019 | D:6      | Found a broken altar of Ashenzari.
  6159 | D:6      | Noticed Edmund
  6169 | D:6      | XOM: butterfly on damage
  6235 | D:5      | XOM: enchant monster (good)
  6296 | D:5      | XOM: scenery: create altars
  6728 | D:7      | XOM: potion effect (invisibility)
  6732 | D:7      | XOM: give mutations
  6732 | D:7      | Gained mutation: You expend magic power (3 MP) to
                  | strengthen your wands. [Xom's mischief]
  6732 | D:7      | Gained mutation: You occasionally shout uncontrollably at
                  | your foes. [Xom's mischief]
  6795 | D:8      | Noticed a rust devil
  6796 | D:8      | Noticed a rust devil
  6905 | D:8      | XOM: noise
  6916 | D:8      | XOM: polymorph orc warrior -> dart slug
  7075 | D:8      | XOM: give mutations
  7075 | D:8      | Gained mutation: You are agile. (Dex +4, Str/Int -1) [Xom's
                  | grace]
  7075 | D:8      | Gained mutation: Your mind is acute. (Int +4, Str/Dex -1)
                  | [Xom's grace]
  7075 | D:8      | Gained mutation: You have a pair of large horns on your
                  | head. [Xom's grace]
  7075 | D:8      | Gained mutation: You have a somewhat thin skeletal
                  | structure. (Dex +2, Stealth+) [Xom's grace]
  7190 | D:8      | Reached skill level 14 in Axes
  7322 | D:8      | Found a staircase to the Lair.
  7364 | D:8      | XOM: smoke on damage
  7440 | D:7      | XOM: god gift: 40 gold pieces
  7662 | D:8      | XOM: cloud trail
  7843 | D:9      | Found a staircase to the Orcish Mines.
  7843 | D:9      | XOM: 3-stop teleportation journey
  7858 | D:9      | Noticed Erica
  7865 | D:9      | XOM: divination: detect items
  7876 | D:9      | HP: 2/78 [something (3)]
  7877 | D:9      | Mangled by Erica

Illustrated notes

Levels and vault maps discovered:
D:1:      minmay_arrival_three_doors, layout_basic, serial_shops, shop,
          minmay_cut_off
D:2:      kennysheep_big_flooded_room, layout_loops_cross, st_stairs_14,
          grunt_ministairs_14, chequers_jeans, minmay_pentomino_z4, uniq_natasha
D:3:      layout_loops_ring, tso_oasis_becter, lemuel_doored_altar,
          shapermc_ecumenical_altar_mp_highgroup
D:4:      layout_basic, kennysheep_little_box
D:5:      layout_loops_ring, nicolae_ossuary_entry_false_entrances,
          serial_shops, shop
D:6:      layout_loops_ring, mainiacjoe_overflow_tiny_flanked,
          makhleb_altar_promises_db, minmay_temple_entry_statues_fountains,
          chequers_decorated_corner, uniq_pikel, uniq_prince_ribbit1,
          uniq_edmund
D:7:      layout_layer_cave, zin_angel, gammafunk_ghost_nasty_kobolds,
          mrwooster_statue_mirror, minmay_misc_feat_tower
D:8:      cheibrodos_iron_armory, layout_loops_ring,
          mainiacjoe_overflow_cross_hatched, lair_entry_dummy,
          due_unseen_surprise
D:9:      layout_basic, david_orc_4, chequers_mini_garden, uniq_erica
Temple:   hellmonk_temple_divided_pantheon

Skill      XL: |  1  2  3  4  5  6  7  8  9 |
---------------+----------------------------+-----
Axes           | 4 5 6 9 12 14 | 14.1
Fighting       | 4 5 6 |  6.4
Armour         | 3 4 5 |  5.8
Dodging        | 2 3 4 |  4.9

Action                     |  1- 3 |  4- 6 |  7- 9 || total
---------------------------+-------+-------+-------++-------
  Melee: Hand axe          |    73 |    90 |       ||   163
         Headbutt          |    12 |    15 |    33 ||    60
         Punch             |     2 |     1 |     1 ||     4
         Broad axe         |       |    26 |   192 ||   218
  Evoke: Wand              |       |       |     4 ||     4
    Use: Scroll            |     1 |     5 |     5 ||    11
         Potion            |       |       |    11 ||    11
   Stab: Paralysed         |       |     1 |     1 ||     2
         Confused          |       |     2 |       ||     2
         Invisible         |       |       |     1 ||     1
         Sleeping          |       |       |     1 ||     1
 Armour: Leather armour    |    39 |    82 |   168 ||   289
  Dodge: Dodged            |    42 |    82 |   181 ||   305
